 Dungeon Crawl Stone Soup version 0.30-a0-341-g682706514a (webtiles) character file.

Game seed: 2852827348299381210

3165 koil the Fighter (level 9, -1/96 HPs)
             Began as an Ogre Cinder Acolyte on Nov 1, 2022.
             Was a High Priest of Ignis.
             Killed from afar by a gnoll (20 damage)
             ... with a bolt of dispelling energy
             ... on level 7 of the Dungeon.
             The game lasted 00:23:28 (7586 turns).

koil the Fighter (Ogre Cinder Acolyte)              Turns: 7586, Time: 00:23:30

Health: -1/96      AC:  8    Str: 20    XL:     9   Next: 94%
Magic:  18/18      EV:  9    Int: 25    God:    Ignis [*****.]
Gold:   330        SH:  0    Dex:  4    Spells: 9/20 levels left

rFire   + . .      SeeInvis .    a - +11 mace "Conservator" {protect, rN+}
rCold   . . .      Faith    .    (no shield)
rNeg    + . .      Spirit   .    l - +1 troll leather armour {Pargi}
rPois   .          Reflect  .    (helmet restricted)
rElec   .          Harm     .    v - +1 cloak
rCorr   .          Rampage  .    (gloves unavailable)
Will    .....                    (boots unavailable)
Stlth   +.........               z - amulet of regeneration
HPRegen 1.96/turn                e - +6 ring of intelligence
MPRegen 0.16/turn                B - ring of wizardry

@: lethally poisoned (-1 -> -5)
A: large, unfitting armour, tough skin 1
a: Renounce Religion, Fiery Armour, Foxfire Swarm, Rising Flame


You were on level 7 of the Dungeon.
You worshipped Ignis.
Ignis was extremely pleased with you.
You visited 2 branches of the dungeon, and saw 8 of its levels.
You also visited: Sewer.

You collected 330 gold pieces.

Inventory:

Hand Weapons
 a - the +11 mace "Conservator" (weapon) {protect, rN+}
   (You found it on level 2 of the Dungeon)

   It grants its wielder temporary protection when it strikes (+7 to AC).
   rN:        It protects you from negative energy.
 f - a +0 hand axe of freezing
 g - a +1 war axe of flaming
 r - a +1 dagger of protection
 F - a +0 short sword of venom
Missiles
 d - 13 poisoned darts
Armour
 b - a +2 robe of cold resistance
 l - a +1 troll leather armour (worn) {Pargi}
 n - a +0 robe
 v - a +1 cloak (worn)
 C - an orb of light
Jewellery
 e - a +6 ring of intelligence (left hand)
 i - a ring of flight
 k - a ring of poison resistance
 z - an amulet of regeneration (around neck)
 A - a ring of see invisible
 B - a ring of wizardry (right hand)
Wands
 o - a wand of flame (11)
 D - a wand of quicksilver (7)
Scrolls
 m - a scroll of magic mapping
 p - a scroll of identify
 q - a scroll of enchant weapon
 t - a scroll of fear {unknown}
 u - a scroll of vulnerability
 w - 2 scrolls of teleportation
 x - a scroll of fog {unknown}
 y - a scroll of blinking
Potions
 c - 3 potions of curing
 h - a potion of haste
 j - 4 potions of heal wounds
 s - 2 potions of brilliance
 E - a potion of lignification {unknown}


   Skills:
 + Level 8.3 Fighting
 - Level 3.4(4.7) Axes
 + Level 4.5(5.0) Maces & Flails
 + Level 4.9 Dodging
 + Level 6.1 Spellcasting
 + Level 3.6 Hexes
 + Level 5.6 Fire Magic
 - Level 3.0 Air Magic


You had 9 spell levels left.
You knew the following spells:

 Your Spells              Type           Power      Damage    Failure   Level
a - Scorch                Fire           72%        2d8       1%          2
b - Slow                  Hex            100%       N/A       1%          1
c - Confusing Touch       Hex            26%        N/A       2%          3
d - Ensorcelled Hibernat  Hex/Ice        32%        N/A       2%          2
e - Swiftness             Air            22%        N/A       3%          3

Your spell library contained the following spells:

 Spells                   Type           Power      Damage    Failure   Level
 Apportation              Tloc           14%        N/A       3%          1
 Kiss of Death            Conj/Necr      28%        2d7       3%          1
 Necrotise                Necr           28%        1d5       3%          1
 Summon Small Mammal      Summ           28%        N/A       3%          1
 Portal Projectile        Hex/Tloc       32%        N/A       4%          3
 Passwall                 Tmut/Erth      5%         N/A       5%          2
 Call Canine Familiar     Summ           7%         N/A       11%         3
 Vampiric Draining        Necr           7%         2d6       11%         3
 Leda's Liquefaction      Hex/Erth       8%         N/A       16%         4
 Dispel Undead            Necr           7%         3d8       32%         4
 Alistair's Intoxication  Tmut/Pois      4%         N/A       65%         5
 Borgnjor's Vile Clutch   Necr/Erth      3%         N/A       65%         5
 Eringya's Noxious Bog    Tmut/Pois      3%         N/A       99%         6


Dungeon Overview and Level Annotations

Branches:
Dungeon (7/15)             Temple (1/1) D:5           Sewer (visited)

Altars:
Cheibriados
Dithmenos
Gozag
Kikubaaqudgha
Makhleb
Okawaru
Qazlal
Sif Muna
Trog
Uskayaw
Vehumet
Wu Jian
Xom
The Shining One

Annotations:
D:7 1 transporter, sleeves's ghost, novice DsRe


Innate Abilities, Weirdness & Mutations

You are too large for most types of armour.
You have tough skin. (AC +1)


Message History

The gnolls pick up the pace!
The gnoll hits you but does no damage. The gnoll attacks as you move away!
The gnoll hits you but does no damage.
The gnoll zaps a wand.
The bolt of dispelling energy hits the gnoll!
The gnoll's magical effects unravel!
The bolt of dispelling energy hits you!
The gnoll throws a stone.
The stone barely misses you.
The gnoll sergeant blocks the stone.
The gnoll zaps a wand.
The bolt of dispelling energy hits the gnoll!
The gnoll dies!
The bolt of dispelling energy hits you.
The gnoll sergeant hits you but does no damage.
You are poisoned.
Unknown command.
You thump the gnoll sergeant!
Your weapon exudes an aura of protection.
The gnoll sergeant is moderately wounded.
You feel very sick.
The gnoll sergeant hits you but does no damage.
You are more poisoned.
You completely miss the gnoll sergeant.
The gnoll sergeant is moderately wounded.
You feel very sick.
The gnoll sergeant hits you with a +1 trident of venom.
You are more poisoned.
The gnoll hits you but does no damage. The gnoll closely misses you.
You feel very sick. The gnoll sergeant barely misses you.
The gnoll sergeant hits you from afar with a +1 vorpal spear!
The gnoll zaps a wand.
The bolt of dispelling energy hits you!!
You barely miss the gnoll.
You feel very sick.
The gnoll sergeant hits you but does no damage.
The gnoll sergeant hits you from afar with a +1 vorpal spear!
* * * LOW HITPOINT WARNING * * *
x2 The gnoll zaps a wand.
The bolt of dispelling energy hits you!!
You die...

.≈≈#.8.#.###.©.###.#.8W#≈≈....##.
.≈≈#...###g#####.###...#≈≈....##.
.≈≈###...ggg.g.......###≈≈..>....
.≈≈.8#.######g######.#8.≈≈.....##
.≈≈.##.#.⌠.#.g8#.).#.##.≈≈...))#.
.~~.#..'.....©⌠#:..g.g#.~~...)..#
.≈≈.##.#.⌠.#.g8#...#.##.≈≈.....##
.≈≈.8#.######g######g#8.≈≈.###.#
.≈≈###........g.@.gg.###≈≈.# #[##
.≈≈#...###.#####g###...#≈≈.###)##
.≈≈#.8.#.###.©.###.#.8.#≈≈..##.##
.≈≈#####...........#####≈≈..##...
.≈≈≈≈≈≈≈≈≈≈≈≈~≈≈≈≈≈≈≈≈≈≈≈≈.......
.≈≈≈≈≈≈≈≈≈≈≈≈~≈≈≈≈≈≈≈≈≈≈≈≈..####.
............................# ##
######################......#
########


You could see 2 gnoll sergeants, a gnoll bouda and 3 gnolls.

Vanquished Creatures
  Edmund (D:5)
  2 water moccasins
  Duvessa (D:7)
  Pargi (Sewer)
  An ice beast (D:6)
  2 sky beasts (D:7)
  An orc warrior (D:6)
  A black bear (D:5)
  The ghost of retardedninja the Trooper, an amateur HOFi (D:4)
  2 phantoms
  A kobold brigand (D:6)
  3 bullfrogs
  3 necrophages
  4 scorpions
  Dowan (D:7)
  2 howler monkeys
  4 orc priests
  5 hounds
  2 jellies
  15 orc wizards
  5 iguanas
  4 gnolls (D:7)
  9 adders
  A shadow imp (D:6)
  2 white imps
  2 ufetubi (D:5)
  4 worms
  A dart slug (D:5)
  33 orcs
  5 bats
  8 endoplasms
  7 giant cockroaches
  5 goblins
  5 hobgoblins
  3 jackals (D:2)
  6 kobolds
  6 quokkas
  5 ball pythons
  7 frilled lizards
  7 rats
178 creatures vanquished.

Vanquished Creatures (others)
  An orc wizard (D:7)
  A gnoll (D:7)
  6 plants (D:7)
8 creatures vanquished.

Grand Total: 186 creatures vanquished

Notes
Turn   | Place    | Note
-------+----------+-------------------------------------------
     0 | D:1      | koil the Ogre Cinder Acolyte began the quest for the Orb.
     0 | D:1      | Reached XP level 1. HP: 24/24 MP: 2/2
   142 | D:1      | Reached XP level 2. HP: 31/32 MP: 4/4
   145 | D:1      | Learned a level 2 spell: Scorch
   522 | D:1      | Reached XP level 3. HP: 33/39 MP: 5/5
  1016 | D:2      | Reached skill level 1 in Dodging
  1294 | D:2      | Reached XP level 4. HP: 49/49 MP: 4/7
  1592 | D:2      | Identified the +11 mace "Conservator" {protect, rN+}
  2421 | D:3      | Reached XP level 5. HP: 55/55 MP: 8/8
  2431 | D:3      | Found a faded altar of an unknown god.
  2514 | D:4      | Reached skill level 5 in Fighting
  2515 | D:4      | Noticed a phantom
  2526 | D:4      | Killed a phantom
  2527 | D:4      | Reached skill level 1 in Maces & Flails
  2527 | D:4      | Reached XP level 6. HP: 35/66 MP: 1/10
  2954 | D:4      | Found a runed translucent door.
  2959 | D:4      | Noticed retardedninja's ghost (amateur HOFi)
  3010 | D:4      | Found a runed translucent door.
  3057 | D:4      | Found an opulent altar of Gozag.
  3384 | D:4      | Killed retardedninja's ghost
  3385 | D:4      | Reached XP level 7. HP: 26/74 MP: 12/12
  3579 | D:5      | Entered Level 5 of the Dungeon
  3613 | D:5      | Found a hide-covered altar of Uskayaw.
  3613 | D:5      | Found a glowing golden altar of the Shining One.
  3613 | D:5      | Found an iron altar of Okawaru.
  3653 | D:5      | Noticed Edmund
  3658 | D:5      | Reached skill level 6 in Fighting
  3871 | D:4      | Learned a level 1 spell: Slow
  3875 | D:4      | Learned a level 3 spell: Confusing Touch
  3884 | D:5      | Killed Edmund
  4113 | D:5      | Learned a level 2 spell: Ensorcelled Hibernation
  4117 | D:5      | Learned a level 3 spell: Swiftness
  4137 | D:5      | Reached skill level 1 in Hexes
  4137 | D:5      | Reached XP level 8. HP: 83/84 MP: 14/14
  4322 | D:5      | Found a staircase to the Ecumenical Temple.
  4935 | D:5      | Found an ornate altar of the Wu Jian Council.
  5122 | Temple   | Entered the Ecumenical Temple
  5254 | D:6      | Reached skill level 1 in Air Magic
  5398 | D:6      | Reached skill level 7 in Fighting
  5518 | D:6      | Reached skill level 5 in Spellcasting
  5526 | D:6      | Reached skill level 5 in Fire Magic
  5528 | D:6      | Reached XP level 9. HP: 86/93 MP: 16/16
  5617 | D:6      | Found a glowing drain.
  5632 | Sewer    | Entered a sewer
  5700 | Sewer    | Noticed Pargi
  5706 | Sewer    | Killed Pargi
  5817 | D:6      | Found a bloodstained altar of Trog.
  6203 | D:7      | Found a transporter.
  6206 | D:7      | Identified the +7 spear of Indignation {elec, rElec rF+}
  6468 | D:7      | Found a transporter.
  6470 | D:7      | Noticed sleeves's ghost (novice DsRe)
  6489 | D:7      | Identified the ring "Atehethre" {EV+4 Str+5}
  6587 | D:7      | Noticed Dowan
  6588 | D:7      | Noticed Duvessa
  6607 | D:7      | Reached skill level 8 in Fighting
  6614 | D:7      | Killed Duvessa
  6623 | D:7      | Killed Dowan
  7586 | D:7      | Killed from afar by a gnoll

Illustrated notes

Levels and vault maps discovered:
D:1:      dpeg_arrival_round_c, layout_basic
D:2:      layout_basic
D:3:      layout_basic, shapermc_ecumenical_altar_mp_ritualfount,
          kennysheep_generic_room_6
D:4:      layout_rooms, grunt_gozag_breadcrumbs, ebering_ghost_sewer_f,
          minmay_fountain_box
D:5:      layout_basic, gammafunk_temple_overflow_claw, amcnicky_altar_gilded,
          minmay_temple_entry_glassed_door, uniq_edmund
D:6:      minmay_flawed_box, layout_rooms, old_standard_altar,
          portal_sewer_entry_f, chequers_decorated_corner, nrook_mini_vaults
D:7:      layout_basic, serial_curves, eino_curves_03, eino_curves_04,
          eino_curves_01, gammafunk_ghost_gnarly_gnolls, uniq_duvessa
Temple:   eino_narrow_crystal_temple

Skill      XL: |  1  2  3  4  5  6  7  8  9 |
---------------+----------------------------+-----
Dodging        | 1 2 3 4 |  4.9
Spellcasting   | 2 3 4 5 6 |  6.1
Fire Magic     | 3 4 5 |  5.6
Fighting       | 5 6 7 8 |  8.3
Maces & Flails | 1 2 3 4 |  4.5
Hexes          | 1 2 3 |  3.6
Air Magic      | 1 3 |  3.0
Axes           | |  3.4

Action                   |  1- 3 |  4- 6 |  7- 9 || total
-------------------------+-------+-------+-------++-------
Melee: Hand axe          |   129 |    26 |       ||   155
       Mace              |       |    88 |   310 ||   398
       Punch             |       |     2 |     1 ||     3
Throw: Dart              |     2 |       |       ||     2
 Cast: Scorch            |     2 |     6 |    27 ||    35
       Confusing Touch   |       |       |     1 ||     1
  Use: Scroll            |       |       |    13 ||    13
       Potion            |       |       |     5 ||     5
Armor: Robe              |    38 |    50 |   103 ||   191
       Troll leather arm |       |       |   105 ||   105
Dodge: Dodged            |    74 |    56 |   145 ||   275

Table legend: (Time is in decaauts)
 A = Elapsed time spent in this place.
 B = Non-inter-level travel time spent in this place.
 C = Inter-level travel time spent in this place.
 D = Time resting spent in this place.
 E = Time spent auto-exploring this place.
 F = Levels seen in this place.
 G = Mean time per level.
                   A        B        C        D        E       F      G
               +--------+--------+--------+--------+--------+-----+--------+
         Total |   7708 |   7391 |    317 |    778 |   4984 |   9 |  856.4 |
       Dungeon |   7493 |   7176 |    317 |    762 |   4867 |   7 | 1070.4 |
        Temple |     55 |     55 |      0 |     16 |      0 |   1 |   55.0 |
         Sewer |    159 |    159 |      0 |      0 |    117 |   1 |  159.0 |
               +--------+--------+--------+--------+--------+-----+--------+

Top non-repeatable levels by time:
     D:7: 1447 daAuts
     D:5: 1393 daAuts
     D:4: 1144 daAuts
     D:2: 940 daAuts
     D:1: 912 daAuts
     D:6: 846 daAuts
     D:3: 809 daAuts
   Sewer: 159 daAuts
  Temple: 55 daAuts
